 Dungeon Crawl Stone Soup version bcrawl-1.19.2-6-g6a88ae04c9 (webtiles) character file.

Game seed: 12738478404094731952

3866 MisterOstroum the Slicer (level 10, -1/59 HPs)
             Began as a Jungle Stalker Rogue on Dec 23, 2019.
             Was an Initiate of Dithmenos.
             Splashed by a brown ugly thing's acid (7 damage)
             ... on level 8 of the Dungeon.
             The game lasted 00:19:55 (6981 turns).

MisterOstroum the Slicer (Jungle Stalker Rogue)     Turns: 6981, Time: 00:19:55

Health: -1/59      AC: -2    Str: 14    XL:     10   Next: 19%
Magic:  0/14       EV: 11    Int: 11    God:    Dithmenos [......]
Gold:   584        SH: 10    Dex: 19    Spells: 9/9 levels left

rFire    + . .     SeeInvis .   R - +0 scimitar (flame)
rCold    . . .     Gourm    .   S - +0 shield
rNeg     . . .     Faith    .   i - +0 leather armour
rPois    +         Spirit   +   k - +1 hat
rElec    .         Reflect  .   d - +0 cloak
rCorr    .         Harm     .   t - +0 pair of gloves (curse)
MR       +....                  (no boots)
Stlth    ++++++....             D - amulet of guardian spirit
HPRegen  0.59/turn              o - ring of stealth
MPRegen  0.14/turn              O - ring of protection from fire

@: corroded
A: fangs 3, poison resistance, regeneration 1, acidic bite, no potion heal 3,
rot immunity, strong jaws
a: Renounce Religion


You were on level 8 of the Dungeon.
You worshipped Dithmenos.
Dithmenos was noncommittal.
You were not hungry.

You visited 2 branches of the dungeon, and saw 9 of its levels.
You also visited: Sewer.

You collected 584 gold pieces.

Inventory:

Hand Weapons
 a - the +2 long sword of Osmieto {venom, *Corrode rPois rC++}
   (You found it in a sewer)

   It poisons the flesh of those it strikes.
   It greatly protects you from cold.
   It protects you from poison.
   It may corrode you when you take damage.
 b - a +0 hunting sling
 x - a +0 blowgun
 E - a +2 dagger
 N - a +0 rapier
 R - a +0 scimitar of flaming (weapon)
Missiles
 h - 197 poisoned needles
 l - 196 sling bullets
 s - 695 stones (quivered)
 u - 39 javelins
 P - 77 poisoned tomahawks
Armour
 d - a +0 cloak (worn)
 i - a +0 leather armour (worn)
 k - a +1 hat (worn)
 t - a cursed +0 pair of gloves (worn)
 S - a +0 shield (worn)
Jewellery
 o - a ring of stealth (left hand)
 D - an amulet of guardian spirit (around neck)
 M - an uncursed ring of see invisible
 O - a ring of protection from fire (right hand)
 Q - a +5 ring of intelligence {unknown}
Wands
 f - a wand of flame (1)
 g - a wand of enslavement (10)
Scrolls
 c - 2 scrolls of enchant armour {unknown}
 m - a scroll of fog {unknown}
 n - 4 scrolls of fear {unknown}
 p - 3 scrolls of magic mapping {unknown}
 w - a scroll of noise {unknown}
 y - 4 scrolls of teleportation {unknown}
 z - 2 scrolls of enchant weapon {unknown}
 A - 5 scrolls of remove curse {unknown}
 C - 2 scrolls of amnesia {unknown}
 F - a scroll of blinking {unknown}
 H - a scroll of immolation
 K - a scroll of identify {@r1}
Potions
 q - a potion of agility {@q5 !q}
 r - 2 potions of degeneration
 v - 3 potions of magic
 B - 3 potions of might {@q3 !q}
 G - a potion of brilliance
 I - 2 potions of curing {@q1 !q}
 J - a potion of invisibility
 L - a potion of haste {unknown}
Comestibles
 e - 15 rations {!d}
 j - 6 chunks of flesh


   Skills:
 * Level 5.5 Fighting
 + Level 10.1 Short Blades
 + Level 3.4 Dodging
 * Level 9.0 Stealth
 + Level 0.0 Shields
 + Level 4.3 Evocations


You had 9 spell levels left.
You didn't know any spells.
Your spell library contained the following spells:

 Spells                   Type           Power        Failure   Level  Hunger
 Beastly Appendage        Tmut           #.....       97%         1    ##.....
 Sticks to Snakes         Tmut           #.......     99%         2    ###....
 Spider Form              Tmut/Pois      #..          100%        3    ####...
 Ice Form                 Ice/Tmut       #.......     100%        4    #####..
 Blade Hands              Tmut           #.........   100%        5    ######.


Dungeon Overview and Level Annotations

Branches:
Dungeon (8/12)             Temple (1/1) D:7
   Lair: D:7-9          Orc: D:8-11

Altars:
Ashenzari
Cheibriados
Dithmenos
Elyvilon
Fedhas
Gozag
Hepliaklqana
Kikubaaqudgha
Lugonu
Makhleb
Nemelex Xobeh
Okawaru
Qazlal
Ru
Sif Muna
Trog
Vehumet
Xom
Yredelemnul
Zin
The Shining One

Annotations:
D:2 Sigmund
D:6 1 runed translucent door, JackS81's ghost, novice NaAc


Innate Abilities, Weirdness & Mutations

You have razor-sharp teeth.
Your system is resistant to poisons. (rPois)
Your natural rate of healing is unusually fast.
You have acidic saliva.
Potions cannot restore your health.
You are immune to rotting.
Your bites deal extra damage.


Message History

You see here a shield.
S - a shield Wear which item? (? for menu, Esc to quit)
Okay, then.
Wear which item? (? for menu, Esc to quit)
You start putting on your armour.
You continue putting on your shield. x4
You finish putting on your +0 shield.
Unknown command.
The +2 long sword of Osmieto {venom, *Corrode rPois rC++} stops dripping with poison.
b - a +0 hunting sling (weapon)
Unknown command.
Unknown command.
You see here a leather armour.
Found a hand axe.
e - 15 rations {!d} (gained 1)
Found a dagger.
There is an open door here.
Evoke which item? (* to show all) (? for menu, Esc to quit)
Aiming: Throw Flame
Press: ? - help, Shift-Dir - straight line, f - brown ugly thing
Aim: a brown ugly thing (hasn't noticed you)
The puff of flame misses the brown ugly thing.
The brown ugly thing gurgles horribly!
Firing (i - inventory. (/) - cycle)
l - 199 sling bullets (quivered)
Press: ? - help, Shift-Dir - straight line, f/p - brown ugly thing
Aim: a brown ugly thing You shoot a sling bullet.
The sling bullet completely misses the brown ugly thing.
Firing (i - inventory. (/) - cycle)
l - 198 sling bullets (quivered)
Press: ? - help, Shift-Dir - straight line, f/p - brown ugly thing
Aim: a brown ugly thing You shoot a sling bullet.
The sling bullet hits the brown ugly thing.
The brown ugly thing is lightly wounded.
Firing (i - inventory. (/) - cycle)
l - 197 sling bullets (quivered)
Press: ? - help, Shift-Dir - straight line, f/p - brown ugly thing
Aim: a brown ugly thing (lightly wounded)
You shoot a sling bullet.
The sling bullet hits the brown ugly thing.
The brown ugly thing is lightly wounded.
Wield which item (- for none, * to show all)? (? for menu, Esc to quit)
The +2 long sword of Osmieto {venom, *Corrode rPois rC++} begins to drip with poison!
a - the +2 long sword of Osmieto (weapon)
{venom, *Corrode rPois rC++} You closely miss the brown ugly thing.
The brown ugly thing is lightly wounded.
The brown ugly thing misses you.
You barely miss the brown ugly thing.
The brown ugly thing is lightly wounded.
You block the brown ugly thing's attack.
The shadow imp gestures at you. Pain shoots through your body!
You barely miss the brown ugly thing.
The brown ugly thing is lightly wounded.
You block the brown ugly thing's attack.
The brown ugly thing stings you! The acid corrodes you!
You are splashed with acid!
You hit the brown ugly thing but do no damage.
The brown ugly thing is poisoned.
The brown ugly thing is lightly wounded.
The brown ugly thing closely misses you.
You hit the brown ugly thing but do no damage.
The brown ugly thing looks more poisoned.
You bite the brown ugly thing.
The brown ugly thing is splashed with acid.
The acid corrodes the brown ugly thing!
The brown ugly thing is lightly wounded.
The shadow imp gestures at you. Pain shoots through your body!
Your corrosive artefact corrodes you!
The brown ugly thing closely misses you.
The shadow imp sputters.
The shadow imp sputters.
You block the brown ugly thing's attack.
Wield which item (- for none, * to show all)? (? for menu, Esc to quit)
The +2 long sword of Osmieto {venom, *Corrode rPois rC++} stops dripping with poison.
Your +0 scimitar of flaming bursts into flame!
R - a +0 scimitar of flaming (weapon)
You completely miss the brown ugly thing.
Your bite misses the brown ugly thing.
The brown ugly thing is moderately wounded.
The brown ugly thing is no longer covered in acid.
You block the brown ugly thing's attack.
You hit the brown ugly thing. You burn the brown ugly thing.
The brown ugly thing is moderately wounded.
The brown ugly thing stings you!
You are splashed with acid.
The brown ugly thing stings you!
You are splashed with acid!
You hit the brown ugly thing. You burn the brown ugly thing.
The brown ugly thing is heavily wounded.
The brown ugly thing stings you!
* * * LOW HITPOINT WARNING * * *
You are splashed with acid!
* * * LOW HITPOINT WARNING * * *
Evoke which item? (* to show all) (? for menu, Esc to quit)
Aiming: Enslavement
Press: ? - help, Shift-Dir - straight line, f/p - brown ugly thing
Aim: a brown ugly thing (heavily wounded, poisoned, chance to defeat MR: 41%)
The brown ugly thing resists with some effort.
The brown ugly thing stings you.
* * * LOW HITPOINT WARNING * * *
The acid corrodes you!
You are splashed with acid!
You die...

........(..#.#..........#
.########'#<.#.########'#####
.............#.###...........
.8.8............##...........
.........[...#..##...........
...........#.#..##...#######'
!......##...5#........# #.
)...... ####u#........# #.
%.....# #@#........# #.
...... #.#).......# #. .....
#.#........# #.
...###.#........# #.
....'............# #.
....##...........# #. ..
#....######## #. +....# #.
#...## #####.


You could see a brown ugly thing and a shadow imp.

Vanquished Creatures
  Erica (D:7)
  4 yaks (D:7)
  2 orc warriors
  2 ice beasts
  A phantom (D:7)
  2 ogres
  4 centaurs
  4 bullfrogs
  A scorpion (D:6)
  2 howler monkeys
  A bullfrog zombie (D:7)
  9 crimson imps
  A centaur skeleton (D:4)
  A gnoll shaman (D:7)
  3 hounds
  6 orc priests
  Crazy Yiuf (D:7)
  An iguana (D:6)
  3 worker ants
  6 orc wizards
  3 gnolls (D:7)
  14 adders
  2 shadow imps (D:5)
  An ooze (D:2)
  2 adder zombies (D:5)
  An adder skeleton (D:5)
  5 worms
  2 dart slugs
  6 leopard geckos
  50 orcs
  5 bats
  6 giant cockroaches
  2 goblins
  8 hobgoblins
  6 jackals (D:3)
  8 kobolds
  3 quokkas
  4 ball pythons
  8 frilled lizards
  2 rats (D:1)
193 creatures vanquished.

Vanquished Creatures (collateral kills)
  An orc (D:4)
  A kobold (D:7)
2 creatures vanquished.

Grand Total: 195 creatures vanquished

Notes
Turn   | Place    | Note
-------+----------+-------------------------------------------
     0 | D:1      | MisterOstroum the Vine Stalker Rogue began the quest for
                  | the Orb.
     0 | D:1      | Reached XP level 1. HP: 12/12 MP: 3/3
   113 | D:1      | Reached XP level 2. HP: 18/18 MP: 4/4
   691 | D:1      | Reached skill level 2 in Short Blades
   691 | D:1      | Reached XP level 3. HP: 22/22 MP: 5/5
   817 | D:2      | Noticed Sigmund
   838 | D:2      | HP: 1/23 [Sigmund/puff of flame (6)]
   920 | D:2      | Reached XP level 4. HP: 29/29 MP: 6/6
  1008 | D:2      | Found an ancient bone altar of Kikubaaqudgha.
  1343 | D:3      | Found a burning altar of Makhleb.
  1344 | D:3      | Found a radiant altar of Vehumet.
  1356 | D:3      | Found a glowing drain.
  1366 | Sewer    | Entered a sewer
  1649 | Sewer    | Reached XP level 5. HP: 19/33 MP: 7/7
  1910 | Sewer    | Noticed a bullfrog
  1911 | Sewer    | Noticed a bullfrog
  1923 | Sewer    | Killed a bullfrog
  1923 | Sewer    | Reached skill level 1 in Dodging
  1929 | Sewer    | Killed a bullfrog
  1929 | Sewer    | Reached skill level 3 in Short Blades
  1929 | Sewer    | Gained mutation: You have razor-sharp teeth. [Vine Stalker
                  | growth]
  1929 | Sewer    | Reached XP level 6. HP: 33/38 MP: 8/8
  1946 | Sewer    | Got an encrusted long sword
  1949 | Sewer    | Identified the +2 long sword of Osmieto {venom, *Corrode
                  | rPois rC++} (You found it in a sewer)
  2145 | D:3      | Reached skill level 4 in Short Blades
  2202 | D:3      | Reached XP level 7. HP: 41/43 MP: 9/9
  2246 | D:3      | Found a stormy altar of Qazlal.
  2498 | D:3      | Reached skill level 5 in Short Blades
  2753 | D:3      | Found a glowing silver altar of Zin.
  2895 | D:3      | Found a corrupted altar of Lugonu.
  3476 | D:4      | Reached skill level 6 in Short Blades
  4006 | D:5      | Entered Level 5 of the Dungeon
  4085 | D:5      | Gained mutation: You have acidic saliva. [Jungle Stalker
                  | growth]
  4085 | D:5      | Gained mutation: Your system is resistant to poisons.
                  | (rPois) [Jungle Stalker growth]
  4085 | D:5      | Reached XP level 8. HP: 43/48 MP: 9/10
  4147 | D:5      | Reached skill level 7 in Short Blades
  4305 | D:5      | Found a sacrificial altar of Ru.
  4336 | D:5      | Found a hazy altar of Hepliaklqana.
  4732 | D:5      | Found a blossoming altar of Fedhas.
  4870 | D:6      | Reached skill level 8 in Short Blades
  5225 | D:6      | Reached skill level 9 in Short Blades
  5225 | D:6      | Reached XP level 9. HP: 32/52 MP: 5/12
  5372 | D:6      | Found a runed translucent door.
  5376 | D:6      | Noticed JackS81's ghost (novice NaAc)
  5735 | D:7      | Found a staircase to the Ecumenical Temple.
  5742 | Temple   | Entered the Ecumenical Temple
  5986 | D:7      | Found a white marble altar of Elyvilon.
  6013 | D:7      | Found a basalt altar of Yredelemnul.
  6134 | D:7      | Got a warped flail
  6416 | D:7      | Found a runed door.
  6420 | D:7      | Noticed Crazy Yiuf
  6427 | D:7      | Killed Crazy Yiuf
  6457 | D:8      | Noticed a brown ugly thing
  6460 | D:8      | Noticed Erica
  6612 | D:8      | Found a bloodstained altar of Trog.
  6612 | D:8      | Found a shadowy altar of Dithmenos.
  6617 | D:8      | Became a worshipper of Dithmenos the Shadowed
  6649 | D:7      | Killed Erica
  6649 | D:7      | Reached skill level 5 in Fighting
  6649 | D:7      | Reached skill level 10 in Short Blades
  6732 | D:7      | Reached XP level 10. HP: 30/59 MP: 5/14
  6851 | D:7      | Found a white marble altar of Elyvilon.
  6874 | D:7      | Found a staircase to the Ecumenical Temple.
  6883 | D:7      | Found a basalt altar of Yredelemnul.
  6981 | D:8      | Splashed by a brown ugly thing's acid

Skill      XL: |  1  2  3  4  5  6  7  8  9 10 |
---------------+-------------------------------+-----
Fighting       | 2 3 4 5 |  5.5
Short Blades   | 2 3 4 6 9 10 | 10.1
Stealth        | 6 8 9 |  9.0
Evocations     | 2 4 |  4.3
Dodging        | 1 2 3 |  3.4

Action                   |  1- 3 |  4- 6 |  7- 9 | 10-12 || total
-------------------------+-------+-------+-------+-------++-------
Melee: Dagger            |    80 |    72 |     5 |       ||   157
       Bite              |     5 |    14 |    46 |     2 ||    67
       Unarmed           |     1 |       |       |       ||     1
       Long sword        |       |    55 |   352 |    22 ||   429
       Scimitar          |       |       |       |     6 ||     6
 Fire: Blowgun           |       |    34 |    13 |       ||    47
       Hunting sling     |       |       |     2 |     7 ||     9
Throw: Stone             |       |    51 |    15 |       ||    66
       Javelin           |       |     3 |     1 |       ||     4
Evoke: Wand              |     2 |     3 |    12 |     2 ||    19
  Use: Potion            |     2 |       |       |       ||     2
       Scroll            |       |       |     6 |       ||     6
 Stab: Sleeping          |     7 |     3 |    12 |       ||    22
       Distracted        |       |       |     2 |       ||     2
  Eat: Chunk             |       |     4 |    15 |     1 ||    20
Armor: Robe              |    12 |       |       |       ||    12
       Leather armour    |     3 |    31 |    95 |     3 ||   132
Dodge: Dodged            |    42 |   112 |   285 |    13 ||   452
Block: Other             |       |       |    26 |     1 ||    27
       Shield            |       |       |       |     4 ||     4
